Sharks vs Kings

Created - 23 mars 2018 at 23:12

Goals
1 2 3 T
Sharks 0 1 1 2
Kings 0 0 0 0
Shots
1 2 3 T
Sharks 12 11 4 27
Kings 9 11 13 33

1st period

No Goal

Penalties :
Dan Hamhuis (LOS) for Roughing (Minor) at 17:32

2nd period

1. Sharks , Anze Kopitar 23 (Patrick Maroon 14, Charlie Coyle 19) at 17:49

Penalties :
Brenden Dillon (SJS) for Tripping (Minor) at 0:03, Austin Watson (LOS) for Hooking (Minor) at 2:36, Xavier Ouellet (SJS) for Holding (Minor) at 5:34, Austin Watson (LOS) for Hooking (Minor) at 8:12, Jonathan Toews (LOS) for Hooking (Minor) at 12:01

3rd period

2. Sharks , Sean Couturier 21 (Esa Lindell 21) at 19:16 (SH) (Empty Net)

Penalties :
Micheal Haley (SJS) for Hooking (Minor) at 13:01, Patrick Maroon (SJS) for Hooking (Minor) at 18:14

Goalie Stats

Semyon Varlamov (SJS), 33 saves from 33 shots - (1.000), W, 19-20-4, 60:00 minutes
Henrik Lundqvist (LOS), 25 saves from 26 shots - (0.962), L, 30-27-3, 59:50 minutes

Players Stats for Sharks

Player Name              G  A  P  +/- PIM S  H  SB GA TA FO     MP     PP MP  PK MP  
------------------------------------------------------------------------------------
Andrej Sustr             0  0  0   0  0   0  1  4  0  0  0/0    14:52   0:51   0:00 
Anze Kopitar             1  0  1   1  0   5  0  0  0  0  10/36  23:29   4:19   5:56 
Brenden Dillon           0  0  0   2  2   1  1  0  0  0  0/0    22:18   3:46   3:15 
Charlie Coyle            0  1  1   1  0   2  3  1  0  0  1/2    23:29   4:19   5:56 
Chris Tanev              0  0  0   0  0   1  0  2  0  0  0/0    21:44   3:19   3:22 
Esa Lindell              0  1  1   2  0   2  0  3  0  0  0/0    23:57   4:19   4:20 
Marc Staal               0  0  0   0  0   0  0  1  0  0  0/0    21:16   3:19   3:22 
Matt Martin              0  0  0   0  0   0  2  0  0  0  0/1    10:52   0:00   0:00 
Micheal Haley            0  0  0   0  2   0  2  0  0  0  0/0     6:45   0:00   0:00 
Mikhail Grigorenko       0  0  0   0  0   0  0  0  0  0  5/16   11:10   0:18   0:00 
Mikko Rantanen           0  0  0   0  0   3  3  0  0  0  0/1    16:49   3:19   0:00 
Nick Bjugstad            0  0  0   1  0   1  0  0  0  0  5/7     7:07   0:00   0:21 
Patrick Maroon           0  1  1   1  2   6  1  0  0  0  1/1    18:57   4:19   1:25 
Sam Reinhart             0  0  0   0  0   2  0  0  0  0  0/1    16:49   3:19   0:00 
Sean Couturier           1  0  1   1  0   4  2  0  0  0  17/28  18:53   3:37   1:46 
Tom Wilson               0  0  0   0  0   0  5  0  0  0  0/1    11:10   0:18   0:00 
Travis Konecny           0  0  0   0  0   0  0  0  0  0  0/1     6:46   0:00   0:00 
Xavier Ouellet           0  0  0   0  2   0  0  2  0  0  0/0    15:51   0:18   1:05 

Players Stats for Kings

Player Name              G  A  P  +/- PIM S  H  SB GA TA FO     MP     PP MP  PK MP  
------------------------------------------------------------------------------------
Andrei Markov            0  0  0  -1  0   5  0  0  0  0  0/0    25:25   3:16   4:28 
Austin Watson            0  0  0   0  4   0  4  0  0  0  0/1    15:05   0:00   1:39 
Colton Sceviour          0  0  0   0  0   2  2  0  0  0  1/2    18:38   4:29   0:17 
Dan Hamhuis              0  0  0   0  2   1  2  1  0  0  0/0    22:57   3:11   2:33 
Daniel Sedin             0  0  0   0  0   5  0  0  0  0  0/0    20:01   3:54   2:17 
Derek MacKenzie          0  0  0   0  0   0  3  0  0  0  1/4     5:40   0:00   1:53 
Fedor Tyutin             0  0  0  -1  0   1  5  0  0  0  0/0    24:04   3:16   4:04 
Joe Pavelski             0  0  0  -2  0   3  2  0  0  0  21/35  26:09   4:06   5:00 
John Moore               0  0  0  -1  0   1  2  0  0  0  0/0    20:58   3:50   2:48 
Jonathan Toews           0  0  0   0  2   7  0  0  0  0  19/28  20:38   3:54   2:58 
Klas Dahlbeck            0  0  0  -1  0   0  1  0  0  0  0/0    16:12   0:36   1:02 
Mark Stuart              0  0  0   0  0   0  0  1  0  0  0/0     8:32   0:00   0:53 
Mikael Granlund          0  0  0  -2  0   2  0  0  0  0  1/5    18:32   3:48   1:52 
Nikita Soshnikov         0  0  0   0  0   1  0  0  0  0  0/0     3:47   0:00   0:00 
Patrik Berglund          0  0  0  -2  0   1  5  0  0  0  2/2    16:40   3:48   0:00 
Tomas Tatar              0  0  0   0  0   2  0  0  0  0  0/0    13:56   0:00   0:00 
Victor Rask              0  0  0   0  0   2  0  0  0  0  11/18  13:56   0:00   0:00 
Zemgus Girgensons        0  0  0   0  0   0  0  0  0  0  0/0     0:50   0:22   0:00 

3 Stars

1 - Semyon Varlamov (SJS)
2 - Sean Couturier (SJS)
3 - Henrik Lundqvist (LOS)

Power Play

Sharks - 0 on 4 Attempt(s) - 0.00%
Kings - 0 on 4 Attempt(s) - 0.00%

Penalty Kill

Sharks - 4 on 4 Attempt(s) - 100.00% - Score 1 goal in Penalty Kill
Kings - 4 on 4 Attempt(s) - 100.00% - Score 0 goal in Penalty Kill

Team Stat

Sharks - Hits : 20 - Faceoff Wins : 39 - Blocked Shots : 13 - Penalty Minutes : 8
Kings - Hits : 26 - Faceoff Wins : 56 - Blocked Shots : 2 - Penalty Minutes : 8

Official

Referees : Jacob Brenk and Jean Hebert
Linesman : Mike Cvik and Brad Lazarowich

Game Notes

Mark Stuart is injured at 17:23 of 2nd period (Right Hip)
Sean Couturier has scored in a empty net!

Finance

Level 1 -- Attendance: 5612 (86.34%) -- Ticket Income 589 260 $
Level 2 -- Attendance: 3526 (70.52%) -- Ticket Income 334 970 $
Level 3 -- Attendance: 2210 (63.14%) -- Ticket Income 165 750 $
Level 4 -- Attendance: 1693 (79.93%) -- Ticket Income 101 580 $
Luxury Box -- Attendance: 699 (69.90%) -- Ticket Income 195 720 $
Game was played at the Staples Center.
Total Attendance: 13740 (75.84%)
Total Ticket Income: 1 387 280 $
Other Income: 208 092 $
Total Income: 1 595 372 $

% Time on Ice - Sharks

Lines # - Real PCT - Wanted PCT - Time Play
Normal Forward
1 - 30% - 40% - 13:14
2 - 30% - 30% - 13:30
3 - 24% - 20% - 10:52
4 - 15% - 10% - 6:46
Normal Defense
1 - 33% - 40% - 14:28
2 - 34% - 30% - 15:03
3 - 32% - 20% - 14:01
4 - 2% - 10% - 0:50
PP Forward
1 - 54% - 60% - 4:19
2 - 46% - 40% - 3:37
PP Defense
1 - 54% - 60% - 4:19
2 - 46% - 40% - 3:37
PK Forward
1 - 77% - 60% - 5:56
2 - 23% - 40% - 1:46
PK Defense
1 - 56% - 60% - 4:20
2 - 44% - 40% - 3:22
PK3 Forward
1 - 0% - 60%
2 - 0% - 40%
PK3 Defense
1 - 0% - 60%
2 - 0% - 40%
44 Forward
1 - 0% - 60%
2 - 0% - 40%
44 Defense
1 - 0% - 60%
2 - 0% - 40%
Last Minute Offensive  - 0:00
Last Minute Defensive  - 0:00
Total
Forward - 60:00
Defense - 60:00

% Time on Ice - Kings

Lines # - Real PCT - Wanted PCT - Time Play
Normal Forward
1 - 29% - 40% - 12:52
2 - 31% - 30% - 13:47
3 - 31% - 20% - 13:56
4 - 9% - 10% - 3:47
Normal Defense
1 - 34% - 40% - 15:14
2 - 29% - 30% - 12:58
3 - 34% - 20% - 15:05
4 - 2% - 10% - 1:05
PP Forward
1 - 49% - 60% - 3:48
2 - 51% - 40% - 3:54
PP Defense
1 - 42% - 60% - 3:16
2 - 58% - 40% - 4:26
PK Forward
1 - 76% - 60% - 6:04
2 - 24% - 40% - 1:52
PK Defense
1 - 54% - 60% - 4:16
2 - 46% - 40% - 3:40
PK3 Forward
1 - 0% - 60%
2 - 0% - 40%
PK3 Defense
1 - 0% - 60%
2 - 0% - 40%
44 Forward
1 - 0% - 60%
2 - 0% - 40%
44 Defense
1 - 0% - 60%
2 - 0% - 40%
Last Minute Offensive  - 0:00
Last Minute Defensive  - 0:00
Total
Forward - 60:00
Defense - 60:00

Play by Play

1st period


0:01 of 1st period - Joe Pavelski wins face-off versus Anze Kopitar in neutral zone.
0:07 of 1st period - Icing by Esa Lindell.
0:08 of 1st period - Colton Sceviour wins face-off versus Anze Kopitar in Sharks zone.
0:09 of 1st period - Shot by Daniel Sedin.
0:09 of 1st period - Shot Hit the Post.
0:15 of 1st period - Shot by Patrick Maroon.
0:15 of 1st period - Stopped by Henrik Lundqvist with a rebound.
0:17 of 1st period - Shot by Patrick Maroon.
0:17 of 1st period - Stopped by Henrik Lundqvist with a rebound.
0:19 of 1st period - Shot by Esa Lindell.
0:19 of 1st period - Shot Misses the Net.
0:21 of 1st period - Shot by Esa Lindell.
0:21 of 1st period - Stopped by Henrik Lundqvist without a rebound.
0:22 of 1st period - Victor Rask wins face-off versus Sean Couturier in Kings zone.
0:56 of 1st period - Off-side.
0:57 of 1st period - Joe Pavelski wins face-off versus Mikhail Grigorenko in neutral zone.
0:57 of 1st period - Joe Pavelski is hit by Tom Wilson.
1:13 of 1st period - Icing by Fedor Tyutin.
1:14 of 1st period - Joe Pavelski wins face-off versus Anze Kopitar in Kings zone.
1:14 of 1st period - Joe Pavelski is hit by Charlie Coyle.
1:30 of 1st period - Shot by Esa Lindell.
1:30 of 1st period - Stopped by Henrik Lundqvist without a rebound.
1:31 of 1st period - Nick Bjugstad wins face-off versus Jonathan Toews in Kings zone.
1:46 of 1st period - Shot by Daniel Sedin.
1:46 of 1st period - Stopped by Semyon Varlamov with a rebound.
1:56 of 1st period - Shot by Colton Sceviour.
1:56 of 1st period - Shot Misses the Net.
1:58 of 1st period - Shot by John Moore.
1:58 of 1st period - Shot Blocked by Andrej Sustr.
2:00 of 1st period - Shot by Jonathan Toews.
2:00 of 1st period - Deflect By Daniel Sedin.
2:00 of 1st period - Shot Misses the Net.
2:02 of 1st period - Shot by Dan Hamhuis.
2:02 of 1st period - Shot Misses the Net.
2:18 of 1st period - Xavier Ouellet is hit by Derek MacKenzie and loses puck.
2:45 of 1st period - Shot by Nikita Soshnikov.
2:45 of 1st period - Stopped by Semyon Varlamov without a rebound.
2:46 of 1st period - Victor Rask wins face-off versus Anze Kopitar in Sharks zone.
3:16 of 1st period - Shot by Patrick Maroon.
3:16 of 1st period - Shot Misses the Net.
3:19 of 1st period - Icing by Austin Watson.
3:20 of 1st period - Sean Couturier wins face-off versus Victor Rask in Kings zone.
3:29 of 1st period - Shot by Sam Reinhart.
3:29 of 1st period - Shot Misses the Net.
3:31 of 1st period - Shot by Sean Couturier.
3:31 of 1st period - Deflect By Sam Reinhart.
3:31 of 1st period - Stopped by Henrik Lundqvist without a rebound.
3:32 of 1st period - Mikhail Grigorenko wins face-off versus Joe Pavelski in Kings zone.
4:01 of 1st period - Shot by Joe Pavelski.
4:01 of 1st period - Stopped by Semyon Varlamov without a rebound.
4:02 of 1st period - Jonathan Toews wins face-off versus Sean Couturier in Sharks zone.
5:07 of 1st period - Shot by Charlie Coyle.
5:07 of 1st period - Shot Misses the Net.
6:05 of 1st period - Icing by Chris Tanev.
6:06 of 1st period - Jonathan Toews wins face-off versus Mikhail Grigorenko in Sharks zone.
6:09 of 1st period - Shot by Jonathan Toews.
6:09 of 1st period - Stopped by Semyon Varlamov without a rebound.
6:10 of 1st period - Sean Couturier wins face-off versus Jonathan Toews in Sharks zone.
6:34 of 1st period - Sean Couturier is hit by John Moore and loses puck.
7:20 of 1st period - Shot by Patrick Maroon.
7:20 of 1st period - Deflect By Charlie Coyle.
7:20 of 1st period - Stopped by Henrik Lundqvist without a rebound.
7:21 of 1st period - Mikhail Grigorenko wins face-off versus Joe Pavelski in Kings zone.
7:41 of 1st period - Shot by Mikael Granlund.
7:41 of 1st period - Stopped by Semyon Varlamov without a rebound.
7:42 of 1st period - Nick Bjugstad wins face-off versus Austin Watson in Sharks zone.
7:42 of 1st period - Travis Konecny is hit by Austin Watson.
8:31 of 1st period - Shot by Patrick Maroon.
8:31 of 1st period - Stopped by Henrik Lundqvist without a rebound.
8:32 of 1st period - Joe Pavelski wins face-off versus Sean Couturier in Kings zone.
8:39 of 1st period - Xavier Ouellet is hit by Patrik Berglund.
9:01 of 1st period - Shot by Sean Couturier.
9:01 of 1st period - Stopped by Henrik Lundqvist without a rebound.
9:02 of 1st period - Jonathan Toews wins face-off versus Anze Kopitar in Kings zone.
9:02 of 1st period - Jonathan Toews is hit by Charlie Coyle.
9:36 of 1st period - Shot by Daniel Sedin.
9:36 of 1st period - Stopped by Semyon Varlamov without a rebound.
9:37 of 1st period - Joe Pavelski wins face-off versus Matt Martin in Sharks zone.
9:41 of 1st period - Icing by Matt Martin.
9:42 of 1st period - Mikhail Grigorenko wins face-off versus Joe Pavelski in Sharks zone.
9:51 of 1st period - Icing by Andrei Markov.
9:52 of 1st period - Sean Couturier wins face-off versus Joe Pavelski in Kings zone.
9:53 of 1st period - Shot by Mikko Rantanen.
9:53 of 1st period - Stopped by Henrik Lundqvist without a rebound.
9:54 of 1st period - Anze Kopitar wins face-off versus Joe Pavelski in Kings zone.
9:54 of 1st period - Anze Kopitar is hit by Fedor Tyutin.
10:22 of 1st period - Anze Kopitar is hit by Patrik Berglund.
10:44 of 1st period - Shot by Jonathan Toews.
10:44 of 1st period - Shot Misses the Net.
11:09 of 1st period - Icing by Dan Hamhuis.
11:10 of 1st period - Sean Couturier wins face-off versus Jonathan Toews in Kings zone.
11:11 of 1st period - Shot by Mikko Rantanen.
11:11 of 1st period - Stopped by Henrik Lundqvist without a rebound.
11:12 of 1st period - Sean Couturier wins face-off versus Victor Rask in Kings zone.
11:23 of 1st period - Shot by Sean Couturier.
11:23 of 1st period - Shot Misses the Net.
11:41 of 1st period - Shot by Mikko Rantanen.
11:41 of 1st period - Shot Misses the Net.
11:46 of 1st period - Icing by Klas Dahlbeck.
11:47 of 1st period - Victor Rask wins face-off versus Mikhail Grigorenko in Kings zone.
11:47 of 1st period - Austin Watson is hit by Matt Martin and loses puck.
11:56 of 1st period - Shot by Mikhail Grigorenko.
11:56 of 1st period - Shot Blocked by Mark Stuart.
12:13 of 1st period - Icing by Xavier Ouellet.
12:14 of 1st period - Joe Pavelski wins face-off versus Mikhail Grigorenko in Sharks zone.
12:17 of 1st period - Shot by Mikael Granlund.
12:17 of 1st period - Stopped by Semyon Varlamov without a rebound.
12:18 of 1st period - Joe Pavelski wins face-off versus Sean Couturier in Sharks zone.
13:15 of 1st period - Icing by Jonathan Toews.
13:16 of 1st period - Jonathan Toews wins face-off versus Anze Kopitar in Kings zone.
13:16 of 1st period - Jonathan Toews is hit by Charlie Coyle.
13:26 of 1st period - Shot by Patrick Maroon.
13:26 of 1st period - Stopped by Henrik Lundqvist without a rebound.
13:27 of 1st period - Victor Rask wins face-off versus Mikhail Grigorenko in Kings zone.
13:42 of 1st period - Icing by Tom Wilson.
13:43 of 1st period - Derek MacKenzie wins face-off versus Tom Wilson in Sharks zone.
13:50 of 1st period - Shot by Tom Wilson.
13:50 of 1st period - Shot Blocked by Dan Hamhuis.
13:52 of 1st period - Shot by Matt Martin.
13:52 of 1st period - Deflect By Mikhail Grigorenko.
13:52 of 1st period - Shot Misses the Net.
13:54 of 1st period - Shot by Xavier Ouellet.
13:54 of 1st period - Shot Misses the Net.
13:56 of 1st period - Shot by Xavier Ouellet.
13:56 of 1st period - Shot Misses the Net.
14:54 of 1st period - Icing by Brenden Dillon.
14:55 of 1st period - Victor Rask wins face-off versus Anze Kopitar in Sharks zone.
15:06 of 1st period - Victor Rask is hit by Patrick Maroon and loses puck.
15:24 of 1st period - Shot by Victor Rask.
15:24 of 1st period - Shot Misses the Net.
15:26 of 1st period - Shot by Tomas Tatar.
15:26 of 1st period - Shot Misses the Net.
15:28 of 1st period - Shot by Austin Watson.
15:28 of 1st period - Shot Misses the Net.
15:35 of 1st period - Icing by Esa Lindell.
15:36 of 1st period - Patrik Berglund wins face-off versus Anze Kopitar in Sharks zone.
15:37 of 1st period - Shot by Joe Pavelski.
15:37 of 1st period - Stopped by Semyon Varlamov without a rebound.
15:38 of 1st period - Sean Couturier wins face-off versus Mikael Granlund in Sharks zone.
15:38 of 1st period - Sean Couturier is hit by Patrik Berglund.
16:29 of 1st period - Shot by Jonathan Toews.
16:29 of 1st period - Stopped by Semyon Varlamov with a rebound.
17:32 of 1st period - Minor Penalty to Dan Hamhuis for Roughing.
17:33 of 1st period - Anze Kopitar wins face-off versus Joe Pavelski in Kings zone.
18:00 of 1st period - Shot by Anze Kopitar.
18:00 of 1st period - Stopped by Henrik Lundqvist with a rebound.
18:02 of 1st period - Shot by Brenden Dillon.
18:02 of 1st period - Shot Misses the Net.
Goals for this period are 0 for Sharks vs 0 for Kings.
Shots for this period are 12 for Sharks vs 9 for Kings.

2nd period


0:01 of 2nd period - Joe Pavelski wins face-off versus Anze Kopitar in neutral zone.
0:03 of 2nd period - Minor Penalty to Brenden Dillon for Tripping.
0:04 of 2nd period - Joe Pavelski wins face-off versus Anze Kopitar in Sharks zone.
0:33 of 2nd period - Shot by Joe Pavelski.
0:33 of 2nd period - Shot Blocked by Charlie Coyle.
0:35 of 2nd period - Shot by Mikael Granlund.
0:35 of 2nd period - Shot Misses the Net.
0:37 of 2nd period - Shot by Andrei Markov.
0:37 of 2nd period - Stopped by Semyon Varlamov without a rebound.
0:38 of 2nd period - Jonathan Toews wins face-off versus Anze Kopitar in Sharks zone.
0:53 of 2nd period - Shot by Jonathan Toews.
0:53 of 2nd period - Stopped by Semyon Varlamov without a rebound.
0:54 of 2nd period - Jonathan Toews wins face-off versus Anze Kopitar in Sharks zone.
0:57 of 2nd period - Shot by Colton Sceviour.
0:57 of 2nd period - Shot Misses the Net.
1:07 of 2nd period - Shot by Andrei Markov.
1:07 of 2nd period - Stopped by Semyon Varlamov with a rebound.
1:09 of 2nd period - Shot by Jonathan Toews.
1:09 of 2nd period - Deflect By Colton Sceviour.
1:09 of 2nd period - Shot Blocked by Chris Tanev.
2:03 of 2nd period - Shot by Mikael Granlund.
2:03 of 2nd period - Shot Misses the Net.
2:10 of 2nd period - Shot by Tomas Tatar.
2:10 of 2nd period - Shot Misses the Net.
2:36 of 2nd period - Minor Penalty to Austin Watson for Hooking.
2:37 of 2nd period - Joe Pavelski wins face-off versus Sean Couturier in Kings zone.
2:46 of 2nd period - Fedor Tyutin is hit by Sean Couturier and loses puck.
3:12 of 2nd period - Icing by Sam Reinhart.
3:13 of 2nd period - Joe Pavelski wins face-off versus Sean Couturier in Sharks zone.
3:47 of 2nd period - Icing by Anze Kopitar.
3:48 of 2nd period - Charlie Coyle wins face-off versus Mikael Granlund in Sharks zone.
4:22 of 2nd period - Off-side.
4:23 of 2nd period - Sean Couturier wins face-off versus Joe Pavelski in neutral zone.
4:47 of 2nd period - Shot by Tomas Tatar.
4:47 of 2nd period - Shot Misses the Net.
5:07 of 2nd period - Shot by Austin Watson.
5:07 of 2nd period - Shot Blocked by Xavier Ouellet.
5:23 of 2nd period - Shot by Jonathan Toews.
5:23 of 2nd period - Shot Misses the Net.
5:25 of 2nd period - Shot by Jonathan Toews.
5:25 of 2nd period - Shot Misses the Net.
5:34 of 2nd period - Minor Penalty to Xavier Ouellet for Holding.
5:35 of 2nd period - Anze Kopitar wins face-off versus Joe Pavelski in Sharks zone.
5:52 of 2nd period - Shot by Joe Pavelski.
5:52 of 2nd period - Shot Blocked by Esa Lindell.
6:12 of 2nd period - Shot by Andrei Markov.
6:12 of 2nd period - Stopped by Semyon Varlamov without a rebound.
6:13 of 2nd period - Jonathan Toews wins face-off versus Anze Kopitar in Sharks zone.
6:20 of 2nd period - Shot by Daniel Sedin.
6:20 of 2nd period - Stopped by Semyon Varlamov without a rebound.
6:21 of 2nd period - Jonathan Toews wins face-off versus Anze Kopitar in Sharks zone.
6:21 of 2nd period - Colton Sceviour is hit by Brenden Dillon and loses puck.
6:38 of 2nd period - Shot by Daniel Sedin.
6:38 of 2nd period - Stopped by Semyon Varlamov without a rebound.
6:39 of 2nd period - Joe Pavelski wins face-off versus Anze Kopitar in Sharks zone.
6:48 of 2nd period - Shot by Joe Pavelski.
6:48 of 2nd period - Stopped by Semyon Varlamov without a rebound.
6:49 of 2nd period - Anze Kopitar wins face-off versus Colton Sceviour in Sharks zone.
7:34 of 2nd period - Icing by Brenden Dillon.
7:35 of 2nd period - Sean Couturier wins face-off versus Joe Pavelski in Sharks zone.
7:50 of 2nd period - Shot by Patrik Berglund.
7:50 of 2nd period - Shot Misses the Net.
8:07 of 2nd period - Icing by Mikko Rantanen.
8:08 of 2nd period - Sean Couturier wins face-off versus Victor Rask in Sharks zone.
8:08 of 2nd period - Sam Reinhart is hit by Austin Watson and loses puck.
8:12 of 2nd period - Minor Penalty to Austin Watson for Hooking.
8:13 of 2nd period - Joe Pavelski wins face-off versus Anze Kopitar in Kings zone.
8:30 of 2nd period - Shot by Patrick Maroon.
8:30 of 2nd period - Shot Misses the Net.
8:32 of 2nd period - Shot by Brenden Dillon.
8:32 of 2nd period - Stopped by Henrik Lundqvist with a rebound.
8:34 of 2nd period - Shot by Esa Lindell.
8:34 of 2nd period - Shot Misses the Net.
8:51 of 2nd period - Off-side.
8:52 of 2nd period - Sean Couturier wins face-off versus Mikael Granlund in neutral zone.
9:16 of 2nd period - Shot by Chris Tanev.
9:16 of 2nd period - Stopped by Henrik Lundqvist without a rebound.
9:17 of 2nd period - Anze Kopitar wins face-off versus Jonathan Toews in Kings zone.
9:38 of 2nd period - Shot by Anze Kopitar.
9:38 of 2nd period - Stopped by Henrik Lundqvist with a rebound.
10:19 of 2nd period - Andrej Sustr is hit by Austin Watson and loses puck.
11:03 of 2nd period - Icing by Patrik Berglund.
11:04 of 2nd period - Joe Pavelski wins face-off versus Sean Couturier in Kings zone.
11:11 of 2nd period - Shot by Mikko Rantanen.
11:11 of 2nd period - Stopped by Henrik Lundqvist without a rebound.
11:12 of 2nd period - Jonathan Toews wins face-off versus Sean Couturier in Kings zone.
11:21 of 2nd period - Shot by Jonathan Toews.
11:21 of 2nd period - Shot Misses the Net.
11:28 of 2nd period - Mikko Rantanen is hit by Dan Hamhuis and loses puck.
11:32 of 2nd period - Mikko Rantanen is hit by John Moore and loses puck.
12:01 of 2nd period - Minor Penalty to Jonathan Toews for Hooking.
12:02 of 2nd period - Joe Pavelski wins face-off versus Anze Kopitar in Kings zone.
12:37 of 2nd period - Shot by Anze Kopitar.
12:37 of 2nd period - Deflect By Charlie Coyle.
12:37 of 2nd period - Stopped by Henrik Lundqvist with a rebound.
12:39 of 2nd period - Shot by Anze Kopitar.
12:39 of 2nd period - Stopped by Henrik Lundqvist with a rebound.
13:23 of 2nd period - Off-side.
13:24 of 2nd period - Anze Kopitar wins face-off versus Joe Pavelski in neutral zone.
13:49 of 2nd period - Shot by Anze Kopitar.
13:49 of 2nd period - Stopped by Henrik Lundqvist without a rebound.
13:50 of 2nd period - Mikael Granlund wins face-off versus Sean Couturier in Kings zone.
13:56 of 2nd period - Icing by Sam Reinhart.
13:57 of 2nd period - Sean Couturier wins face-off versus Mikael Granlund in Sharks zone.
14:16 of 2nd period - Shot by Nick Bjugstad.
14:16 of 2nd period - Stopped by Henrik Lundqvist without a rebound.
14:17 of 2nd period - Victor Rask wins face-off versus Mikhail Grigorenko in Kings zone.
14:38 of 2nd period - Shot by Tomas Tatar.
14:38 of 2nd period - Shot Misses the Net.
15:50 of 2nd period - Shot by Patrick Maroon.
15:50 of 2nd period - Stopped by Henrik Lundqvist without a rebound.
15:51 of 2nd period - Jonathan Toews wins face-off versus Sean Couturier in Kings zone.
15:51 of 2nd period - Jonathan Toews is hit by Sean Couturier.
16:58 of 2nd period - Victor Rask is hit by Micheal Haley and loses puck.
17:05 of 2nd period - Shot by John Moore.
17:05 of 2nd period - Stopped by Semyon Varlamov with a rebound.
17:22 of 2nd period - Mark Stuart is hit by Micheal Haley and loses puck.
17:23 of 2nd period - Mark Stuart from Kings is injured at 17:23 of 2nd period (Right Hip).
17:24 of 2nd period - Joe Pavelski wins face-off versus Anze Kopitar in neutral zone.
17:49 of 2nd period - Shot by Patrick Maroon.
17:49 of 2nd period - Deflect By Anze Kopitar.
17:49 of 2nd period - Goal by Anze Kopitar - Sharks : 1 - Kings : 0.
17:50 of 2nd period - Jonathan Toews wins face-off versus Mikhail Grigorenko in neutral zone.
17:52 of 2nd period - Off-side.
17:53 of 2nd period - Sean Couturier wins face-off versus Jonathan Toews in neutral zone.
17:53 of 2nd period - Sean Couturier is hit by Colton Sceviour.
17:57 of 2nd period - Jonathan Toews is hit by Mikko Rantanen and loses puck.
18:04 of 2nd period - Shot by Fedor Tyutin.
18:04 of 2nd period - Stopped by Semyon Varlamov without a rebound.
18:05 of 2nd period - Joe Pavelski wins face-off versus Anze Kopitar in Sharks zone.
18:57 of 2nd period - Sam Reinhart is hit by Fedor Tyutin and loses puck.
19:06 of 2nd period - Shot by Sam Reinhart.
19:06 of 2nd period - Stopped by Henrik Lundqvist without a rebound.
19:07 of 2nd period - Jonathan Toews wins face-off versus Mikhail Grigorenko in Kings zone.
19:07 of 2nd period - Colton Sceviour is hit by Tom Wilson and loses puck.
19:26 of 2nd period - Shot by Colton Sceviour.
19:26 of 2nd period - Stopped by Semyon Varlamov with a rebound.
19:36 of 2nd period - Shot by Jonathan Toews.
19:36 of 2nd period - Stopped by Semyon Varlamov without a rebound.
19:37 of 2nd period - Sean Couturier wins face-off versus Victor Rask in Sharks zone.
Goals for this period are 1 for Sharks vs 0 for Kings.
Shots for this period are 11 for Sharks vs 11 for Kings.

3rd period


0:01 of 3rd period - Patrik Berglund wins face-off versus Anze Kopitar in neutral zone.
0:04 of 3rd period - Patrick Maroon is hit by Patrik Berglund and loses puck.
1:08 of 3rd period - Shot by Dan Hamhuis.
1:08 of 3rd period - Stopped by Semyon Varlamov with a rebound.
1:10 of 3rd period - Shot by Daniel Sedin.
1:10 of 3rd period - Shot Misses the Net.
1:16 of 3rd period - Shot by Colton Sceviour.
1:16 of 3rd period - Stopped by Semyon Varlamov without a rebound.
1:17 of 3rd period - Sean Couturier wins face-off versus Victor Rask in Sharks zone.
1:17 of 3rd period - Sean Couturier is hit by Austin Watson.
1:38 of 3rd period - Shot by Victor Rask.
1:38 of 3rd period - Stopped by Semyon Varlamov without a rebound.
1:39 of 3rd period - Nick Bjugstad wins face-off versus Derek MacKenzie in Sharks zone.
1:39 of 3rd period - Nick Bjugstad is hit by Derek MacKenzie.
1:44 of 3rd period - Icing by Micheal Haley.
1:45 of 3rd period - Nick Bjugstad wins face-off versus Joe Pavelski in Sharks zone.
1:45 of 3rd period - Nick Bjugstad is hit by Patrik Berglund.
1:50 of 3rd period - Xavier Ouellet is hit by Fedor Tyutin and loses puck.
2:01 of 3rd period - Shot by Mikael Granlund.
2:01 of 3rd period - Shot Hit the Post.
2:03 of 3rd period - Shot by Patrik Berglund.
2:03 of 3rd period - Shot Blocked by Andrej Sustr.
2:05 of 3rd period - Shot by Joe Pavelski.
2:05 of 3rd period - Shot Blocked by Andrej Sustr.
2:07 of 3rd period - Shot by Joe Pavelski.
2:07 of 3rd period - Shot Misses the Net.
2:09 of 3rd period - Shot by Andrei Markov.
2:09 of 3rd period - Shot Blocked by Xavier Ouellet.
2:44 of 3rd period - Icing by Chris Tanev.
2:45 of 3rd period - Sean Couturier wins face-off versus Victor Rask in Sharks zone.
2:56 of 3rd period - Shot by Victor Rask.
2:56 of 3rd period - Shot Misses the Net.
3:09 of 3rd period - Icing by Marc Staal.
3:10 of 3rd period - Jonathan Toews wins face-off versus Sam Reinhart in Sharks zone.
3:17 of 3rd period - Shot by Jonathan Toews.
3:17 of 3rd period - Stopped by Semyon Varlamov without a rebound.
3:18 of 3rd period - Jonathan Toews wins face-off versus Charlie Coyle in Sharks zone.
3:23 of 3rd period - Shot by Jonathan Toews.
3:23 of 3rd period - Stopped by Semyon Varlamov with a rebound.
3:31 of 3rd period - Icing by Dan Hamhuis.
3:32 of 3rd period - Mikhail Grigorenko wins face-off versus Jonathan Toews in Kings zone.
3:33 of 3rd period - Shot by Matt Martin.
3:33 of 3rd period - Deflect By Mikhail Grigorenko.
3:33 of 3rd period - Shot Misses the Net.
3:36 of 3rd period - Icing by Klas Dahlbeck.
3:37 of 3rd period - Jonathan Toews wins face-off versus Anze Kopitar in Kings zone.
4:31 of 3rd period - Icing by Mikael Granlund.
4:32 of 3rd period - Joe Pavelski wins face-off versus Mikhail Grigorenko in Kings zone.
4:42 of 3rd period - Off-side.
4:43 of 3rd period - Victor Rask wins face-off versus Sean Couturier in neutral zone.
4:46 of 3rd period - Shot by Tomas Tatar.
4:46 of 3rd period - Shot Misses the Net.
4:48 of 3rd period - Shot by Austin Watson.
4:48 of 3rd period - Shot Misses the Net.
4:50 of 3rd period - Shot by Fedor Tyutin.
4:50 of 3rd period - Shot Misses the Net.
4:52 of 3rd period - Shot by Victor Rask.
4:52 of 3rd period - Stopped by Semyon Varlamov without a rebound.
4:53 of 3rd period - Mikhail Grigorenko wins face-off versus Joe Pavelski in Sharks zone.
4:53 of 3rd period - Tom Wilson is hit by Joe Pavelski and loses puck.
6:01 of 3rd period - Icing by Andrei Markov.
6:02 of 3rd period - Jonathan Toews wins face-off versus Mikko Rantanen in Kings zone.
6:02 of 3rd period - Andrei Markov is hit by Mikko Rantanen.
6:06 of 3rd period - Shot by Daniel Sedin.
6:06 of 3rd period - Shot Misses the Net.
6:08 of 3rd period - Shot by Fedor Tyutin.
6:08 of 3rd period - Shot Misses the Net.
6:33 of 3rd period - Marc Staal is hit by Fedor Tyutin and loses puck.
7:04 of 3rd period - Shot by Tomas Tatar.
7:04 of 3rd period - Stopped by Semyon Varlamov without a rebound.
7:05 of 3rd period - Anze Kopitar wins face-off versus Derek MacKenzie in Sharks zone.
7:20 of 3rd period - Anze Kopitar is hit by Derek MacKenzie and loses puck.
7:38 of 3rd period - Shot by Anze Kopitar.
7:38 of 3rd period - Shot Misses the Net.
7:49 of 3rd period - Icing by Esa Lindell.
7:50 of 3rd period - Victor Rask wins face-off versus Anze Kopitar in Sharks zone.
8:31 of 3rd period - Andrei Markov is hit by Tom Wilson and loses puck.
8:44 of 3rd period - Fedor Tyutin is hit by Matt Martin and loses puck.
8:56 of 3rd period - Icing by Fedor Tyutin.
8:57 of 3rd period - Sean Couturier wins face-off versus Victor Rask in Kings zone.
9:28 of 3rd period - Shot by Sean Couturier.
9:28 of 3rd period - Stopped by Henrik Lundqvist without a rebound.
9:29 of 3rd period - Joe Pavelski wins face-off versus Travis Konecny in Kings zone.
9:51 of 3rd period - Shot by Mikael Granlund.
9:51 of 3rd period - Shot Misses the Net.
9:53 of 3rd period - Shot by Joe Pavelski.
9:53 of 3rd period - Shot Blocked by Esa Lindell.
10:13 of 3rd period - Shot by Jonathan Toews.
10:13 of 3rd period - Shot Blocked by Esa Lindell.
10:15 of 3rd period - Shot by Jonathan Toews.
10:15 of 3rd period - Stopped by Semyon Varlamov without a rebound.
10:16 of 3rd period - Jonathan Toews wins face-off versus Anze Kopitar in Sharks zone.
10:17 of 3rd period - Shot by Daniel Sedin.
10:17 of 3rd period - Stopped by Semyon Varlamov with a rebound.
11:41 of 3rd period - Shot by Joe Pavelski.
11:41 of 3rd period - Shot Blocked by Andrej Sustr.
11:51 of 3rd period - Tomas Tatar is hit by Mikko Rantanen and loses puck.
12:03 of 3rd period - Austin Watson is hit by Tom Wilson and loses puck.
12:08 of 3rd period - Shot by Mikhail Grigorenko.
12:08 of 3rd period - Shot Misses the Net.
12:28 of 3rd period - Icing by Klas Dahlbeck.
12:29 of 3rd period - Victor Rask wins face-off versus Nick Bjugstad in Kings zone.
13:01 of 3rd period - Minor Penalty to Micheal Haley for Hooking.
13:02 of 3rd period - Anze Kopitar wins face-off versus Jonathan Toews in Sharks zone.
13:02 of 3rd period - Anze Kopitar is hit by Colton Sceviour.
13:13 of 3rd period - Icing by Daniel Sedin.
13:14 of 3rd period - Anze Kopitar wins face-off versus Jonathan Toews in Kings zone.
13:49 of 3rd period - Shot by Zemgus Girgensons.
13:49 of 3rd period - Shot Misses the Net.
13:51 of 3rd period - Shot by Fedor Tyutin.
13:51 of 3rd period - Shot Blocked by Chris Tanev.
13:53 of 3rd period - Shot by Andrei Markov.
13:53 of 3rd period - Stopped by Semyon Varlamov with a rebound.
13:55 of 3rd period - Shot by Andrei Markov.
13:55 of 3rd period - Shot Misses the Net.
13:57 of 3rd period - Shot by Patrik Berglund.
13:57 of 3rd period - Shot Misses the Net.
13:59 of 3rd period - Shot by Fedor Tyutin.
13:59 of 3rd period - Shot Misses the Net.
14:01 of 3rd period - Shot by Mikael Granlund.
14:01 of 3rd period - Shot Blocked by Marc Staal.
14:03 of 3rd period - Shot by Andrei Markov.
14:03 of 3rd period - Stopped by Semyon Varlamov without a rebound.
14:04 of 3rd period - Sean Couturier wins face-off versus Jonathan Toews in Sharks zone.
15:01 of 3rd period - Shot by Joe Pavelski.
15:01 of 3rd period - Shot Misses the Net.
15:06 of 3rd period - Icing by Tom Wilson.
15:07 of 3rd period - Victor Rask wins face-off versus Mikhail Grigorenko in Sharks zone.
15:08 of 3rd period - Shot by Tomas Tatar.
15:08 of 3rd period - Stopped by Semyon Varlamov without a rebound.
15:09 of 3rd period - Victor Rask wins face-off versus Mikhail Grigorenko in Sharks zone.
15:10 of 3rd period - Shot by Tomas Tatar.
15:10 of 3rd period - Shot Misses the Net.
15:16 of 3rd period - Dan Hamhuis is hit by Tom Wilson and loses puck.
15:22 of 3rd period - Tom Wilson is hit by Klas Dahlbeck and loses puck.
15:28 of 3rd period - Mikhail Grigorenko is hit by Dan Hamhuis and loses puck.
16:05 of 3rd period - Shot by Sean Couturier.
16:05 of 3rd period - Stopped by Henrik Lundqvist with a rebound.
16:49 of 3rd period - Shot by Patrick Maroon.
16:49 of 3rd period - Stopped by Henrik Lundqvist without a rebound.
16:50 of 3rd period - Nick Bjugstad wins face-off versus Joe Pavelski in Kings zone.
16:52 of 3rd period - Travis Konecny is hit by Fedor Tyutin and loses puck.
17:28 of 3rd period - Icing by Micheal Haley.
17:29 of 3rd period - Jonathan Toews wins face-off versus Nick Bjugstad in Sharks zone.
17:29 of 3rd period - Jonathan Toews is hit by Andrej Sustr.
18:09 of 3rd period - Icing by Chris Tanev.
18:10 of 3rd period - Patrick Maroon wins face-off versus Derek MacKenzie in Sharks zone.
18:12 of 3rd period - Charlie Coyle is hit by Joe Pavelski and loses puck.
18:14 of 3rd period - Minor Penalty to Patrick Maroon for Hooking.
18:15 of 3rd period - Joe Pavelski wins face-off versus Anze Kopitar in Sharks zone.
18:29 of 3rd period - Icing by Patrik Berglund.
18:30 of 3rd period - Joe Pavelski wins face-off versus Anze Kopitar in Kings zone.
18:49 of 3rd period - Shot by Patrik Berglund.
18:49 of 3rd period - Stopped by Semyon Varlamov without a rebound.
18:50 of 3rd period - Anze Kopitar wins face-off versus Joe Pavelski in Sharks zone.
19:06 of 3rd period - Kings, Henrik Lundqvist is pulled from the net.
19:16 of 3rd period - Shot by Sean Couturier.
19:16 of 3rd period - Goal by Sean Couturier - Sharks : 2 - Kings : 0.
19:16 of 3rd period - Henrik Lundqvist from Kings was sent back in the game.
19:17 of 3rd period - Jonathan Toews wins face-off versus Anze Kopitar in neutral zone.
Goals for this period are 1 for Sharks vs 0 for Kings.
Shots for this period are 4 for Sharks vs 13 for Kings.